 Dungeon Crawl Stone Soup version 0.29.1-15-g9cfb28693d (webtiles) character file.

Game seed: 10603411901234901588

28662 Farfigtubin the Cleaver (level 13, -4/183 HPs)
             Began as a Hill Orc Fighter on Mar 6, 2023.
             Was a High Priest of Beogh.
             Slain by an ice devil (5 damage)
             ... in an ice cave on Mar 7, 2023.
             The game lasted 01:44:25 (17103 turns).

Farfigtubin the Cleaver (Hill Orc Fighter)         Turns: 17103, Time: 01:44:27

Health: -4/183     AC: 26    Str: 24    XL:     13   Next: 40%
Magic:  20/20      EV:  2    Int:  8    God:    Beogh [*****.]
Gold:   620        SH: 12    Dex: 15    Spells: 12/12 levels left

rFire   + . .      SeeInvis .   Z - +10 flail of Judgement {drain, rF+}
rCold   + + .      Faith    .   a - +1 kite shield {rC+}
rNeg    . . .      Spirit   .   (body armour currently unavailable)
rPois   +          Reflect  .   (helmet currently unavailable)
rElec   .          Harm     .   (cloak currently unavailable)
rCorr   .          Rampage  .   (gloves currently unavailable)
Will    .....      NoTele   +   (boots currently unavailable)
Stlth   +.........              H - amulet "Guhok" {Acrobat Dex+5 Slay+2}
HPRegen 0.40/turn               I - +4 ring of slaying
MPRegen 0.17/turn               q - ring of protection from cold

@: tree-form, marked, acrobatic
A: stationary, stasis, torment immunity, boosted hp, walk on water
a: Renounce Religion, Smiting, Recall Orcish Followers, Give Item to Named
Follower


You were in an ice cave.
You worshipped Beogh.
Beogh was extremely pleased with you.
You were a tree.
You visited 3 branches of the dungeon, and saw 15 of its levels.
You also visited: Ice Cave.

You collected 1130 gold pieces.
You spent 510 gold pieces at shops.

Inventory:

Hand Weapons
 Z - the +10 flail of Judgement (weapon) {drain, rF+}
   (You found it on level 10 of the Dungeon)

   A truly terrible weapon, it drains the life of any living foe it strikes.
   rF:        It protects you from fire.
Missiles
 h - 6 datura-tipped darts (quivered)
 p - 40 poisoned darts
 s - 10 boomerangs
 R - a curare-tipped dart
 S - 5 javelins
Armour
 a - a +1 kite shield of cold resistance (worn)
 c - a +1 helmet (melded)
 k - a +2 cloak (melded)
 A - a +0 pair of boots (melded)
 C - a +0 pair of gloves (melded)
 P - a +1 plate armour (melded)
Jewellery
 q - a ring of protection from cold (right branch)
 E - a +4 ring of protection
 H - the amulet "Guhok" (around neck) {Acrobat Dex+5 Slay+2}
   (You took it off an orc priest on level 6 of the Dungeon)

   [amulet of the acrobat]

   It increases your evasion while moving and waiting.
   Dex:       It affects your dexterity (+5).
   Slay:      It affects your accuracy & damage with ranged weapons and melee
   (+2).
 I - a +4 ring of slaying (left branch)
Wands
 m - a wand of quicksilver (10)
 y - a wand of mindburst (3)
 Q - a wand of flame (2)
 U - a wand of paralysis (6)
 X - a wand of roots (7)
Scrolls
 e - 2 scrolls of identify
 n - a scroll of fear
 t - 7 scrolls of teleportation
 w - 4 scrolls of blinking
 B - 2 scrolls of fog {unknown}
 K - a scroll of silence {unknown}
Potions
 b - 2 potions of lignification
 d - 5 potions of might
 f - 2 potions of brilliance {unknown}
 g - 10 potions of curing
 l - 2 potions of flight
 v - 2 potions of berserk rage
 x - a potion of resistance
 z - 2 potions of magic {unknown}
 D - a potion of ambrosia
 F - 4 potions of cancellation
 J - 4 potions of attraction
 O - 3 potions of haste
Miscellaneous
 Y - a box of beasts


   Skills:
 + Level 13.0 Fighting
 - Level 14.7(16.6) Axes
 * Level 10.8(13.3) Maces & Flails
 + Level 9.4 Armour
 - Level 8.5 Shields
 + Level 10.3 Invocations


You had 12 spell levels left.
You didn't know any spells.
Your spell library contained the following spells:

 Spells                   Type           Power      Damage    Failure   Level
 Apportation              Tloc           0%         N/A       71%         1
 Call Imp                 Summ           0%         N/A       85%         2
 Sublimation of Blood     Necr           0%         N/A       85%         2
 Wereblood                Tmut           0%         N/A       85%         2
 Call Canine Familiar     Summ           0%         N/A       97%         3
 Portal Projectile        Hex/Tloc       0%         N/A       97%         3
 Stone Arrow              Conj/Erth      0%         3d7       97%         3
 Animate Armour           Summ/Erth      0%         N/A       100%        4
 Leda's Liquefaction      Hex/Erth       0%         N/A       100%        4
 Alistair's Intoxication  Tmut/Pois      0%         N/A       100%        5
 Freezing Cloud           Conj/Ice/Air   0%         6-21      100%        5
 Simulacrum               Ice/Necr       0%         N/A       100%        6
 Haunt                    Necr/Summ      0%         N/A       100%        7
 Ozocubu's Refrigeration  Ice            0%         4d7       100%        7
 Summon Hydra             Summ           0%         N/A       100%        7
 Lehudib's Crystal Spear  Conj/Erth      0%         10d2      100%        8
 Polar Vortex             Ice            0%         N/A       100%        9


Dungeon Overview and Level Annotations

Branches:
Dungeon (13/15)            Temple (1/1) D:4            Lair (1/5) D:11
    Orc (0/2) D:12          IceCv (1/1)
 Vaults: D:13-14

Altars:
Ashenzari
Cheibriados
Dithmenos
Elyvilon
Fedhas
Gozag
Hepliaklqana
Kikubaaqudgha
Makhleb
Nemelex Xobeh
Okawaru
Qazlal
Ru
Sif Muna
Trog
Uskayaw
Vehumet
Wu Jian
Xom
Yredelemnul
Zin
The Shining One

Shops:
D:6 !   D:11 =   D:13 [

Annotations:
D:8 exclusion: ice statue


Message History

The ice devil freezes your orc knight!
The ice devil hits you but does no damage. x2
Your orc knight closely misses the ice devil.
Okay, then.
An ice devil comes into view.
The ice devil hits you but does no damage.
The ice devil hits you.
* * * LOW HITPOINT WARNING * * *
The ice devil freezes you! You resist.
* * * LOW HITPOINT WARNING * * *
The ice devil hits your orc knight but does no damage.
Your orc knight hits the ice devil with a +0 battleaxe.
The ice devil hits your orc knight! The ice devil freezes your orc knight!!
Your orc knight dies!
The ice devil hits you.
* * * LOW HITPOINT WARNING * * *
The ice devil freezes you. You resist.
* * * LOW HITPOINT WARNING * * *
Unknown command.
You feel less invigorated.
You feel less confused.
The ice devil hits you but does no damage. x3
The ice devil hits you but does no damage.
The ice devil hits you.
* * * LOW HITPOINT WARNING * * *
The ice devil freezes you. You resist.
* * * LOW HITPOINT WARNING * * *
The ice devil hits you!
* * * LOW HITPOINT WARNING * * *
The ice devil freezes you. You resist.
* * * LOW HITPOINT WARNING * * *
The ice devil hits you but does no damage.
You block the ice devil's attack.
The ice devil hits you but does no damage.
You block the ice devil's attack.
An ice devil comes into view.
The ice devil hits you!
* * * LOW HITPOINT WARNING * * *
The ice devil freezes you. You resist.
You die...

##... ## .## ###8...
##.. ..## #......
#...# #...# #?.....
#....####...# ####...
#......)..# ###.
#........# ### ##
##...)..## ##.### ##
##^4♣4#####....#####.
#.44##.#...##....#..
##..4....######....#
###.##.## ######
######


You could see 5 ice devils.

Vanquished Creatures
  2 hydras
  3 two-headed ogres
  3 death yaks (D:11)
  2 centaur warriors
  The ghost of drewk1942 the Cleaver, a novice MiFi of Okawaru (D:6)
  2 deep elf pyromancers
  A manticore (D:13)
  2 ugly things (D:13)
  2 cyclopes (D:11)
  An eye of devastation (shapeshifter) (D:13)
  2 unseen horrors
  An ice statue (IceCv)
  6 kobold demonologists
  3 freezing wraiths (IceCv)
  An ice devil (IceCv)
  4 komodo dragons
  An anaconda simulacrum (IceCv)
  2 trolls
  A hornet (D:10)
  3 slime creatures
  2 wraiths
  A vampire (D:11)
  14 yaks
  2 wyverns (D:9)
  3 hogs (D:13)
  A vampire mosquito (D:12)
  2 death yak simulacra (IceCv)
  An acid dragon (D:11)
  A harpy simulacrum (IceCv)
  5 water moccasins
  3 sky beasts
  11 orc warriors
  A black bear (Lair:1)
  An ogre (D:4)
  3 kobold brigands
  4 bullfrogs
  A necrophage (D:5)
  3 gnoll sergeants
  2 scorpions (D:6)
  4 wights (D:10)
  2 elephant simulacra (IceCv)
  4 killer bees (D:7)
  5 howler monkeys
  A jelly (D:7)
  A gnoll bouda (D:4)
  7 orc priests
  A hound (D:3)
  A water moccasin simulacrum (D:6)
  An iguana (D:6)
  Natasha (thrice) (D:2)
  7 orc wizards
  A spriggan simulacrum (IceCv)
  A hell rat (D:11)
  A polar bear simulacrum (IceCv)
  2 wolf simulacra (IceCv)
  A bullfrog simulacrum (D:6)
  A killer bee simulacrum (D:6)
  7 adders
  17 gnolls
  A shadow imp (D:7)
  8 white imps
  2 worms
  2 dart slugs
  21 orcs
  4 bats
  8 endoplasms
  A giant cockroach (D:1)
  3 goblins
  5 hobgoblins
  3 jackals (D:1)
  A quokka (D:4)
  8 ball pythons
  8 frilled lizards (D:1)
  16 kobolds
  7 rats
270 creatures vanquished.

Vanquished Creatures (collateral kills)
  Kirke (D:13)
  A hydra (D:12)
  A necromancer (IceCv)
  A deep elf pyromancer (D:13)
  An ugly thing (IceCv)
  A black mamba (Lair:1)
  A cane toad (Lair:1)
  6 ice devils (IceCv)
  A freezing wraith (IceCv)
  2 trolls
  A slime creature (D:12)
  A vampire (D:12)
  A shadow (D:10)
  A human (shapeshifter) (D:13)
  3 hogs (D:13)
  2 vampire mosquitoes (D:12)
  A death yak simulacrum (IceCv)
  A water moccasin (Lair:1)
  2 ice beasts (D:6)
  2 centaurs (D:13)
  3 two-headed ogre simulacra (IceCv)
  3 cane toad simulacra (IceCv)
  An elephant simulacrum (IceCv)
  An orc priest (D:12)
  3 orc wizards
  2 polar bear simulacra (IceCv)
  A troll simulacrum (IceCv)
  2 hell rats (D:11)
  10 white imps
  2 quokkas (D:11)
  4 kobolds
  3 rats (D:11)
66 creatures vanquished.

Vanquished Creatures (others)
  2 orc knights
  An orc warrior (IceCv)
  An electric eel (D:12)
  2 orc priests
  An orc wizard (D:13)
  6 orcs
  A kobold (D:12)
  19 plants
33 creatures vanquished.

Grand Total: 369 creatures vanquished

Notes
Turn   | Place    | Note
-------+----------+-------------------------------------------
     0 | D:1      | Farfigtubin the Hill Orc Fighter began the quest for the
                  | Orb.
     0 | D:1      | Reached XP level 1. HP: 19/19 MP: 1/1
    86 | D:2      | Reached skill level 3 in Axes
   120 | D:2      | Reached XP level 2. HP: 25/27 MP: 2/2
   168 | D:2      | Reached XP level 3. HP: 20/33 MP: 3/3
   357 | D:2      | Reached skill level 4 in Axes
   432 | D:2      | Noticed Natasha
   437 | D:2      | Killed Natasha
   438 | D:2      | Reached XP level 4. HP: 39/41 MP: 4/4
   441 | D:2      | Found a faded altar of an unknown god.
   702 | D:2      | Noticed Natasha
   710 | D:2      | Killed Natasha
   711 | D:2      | Reached skill level 5 in Axes
   711 | D:2      | Reached XP level 5. HP: 35/47 MP: 5/5
   782 | D:2      | Noticed Natasha
   788 | D:2      | Killed Natasha
  1165 | D:4      | Became a worshipper of Beogh the Brigand
  1540 | D:1      | Reached * piety under Beogh
  1709 | D:3      | Reached XP level 6. HP: 50/55 MP: 6/6
  1733 | D:3      | Reached skill level 5 in Fighting
  1733 | D:3      | Reached skill level 6 in Axes
  1927 | D:3      | Found an opulent altar of Gozag.
  2777 | D:3      | Reached skill level 5 in Shields
  2833 | D:4      | Found a staircase to the Ecumenical Temple.
  2842 | Temple   | Entered the Ecumenical Temple
  3393 | D:4      | Reached XP level 7. HP: 46/61 MP: 7/7
  3680 | D:5      | Entered Level 5 of the Dungeon
  3794 | D:5      | Reached skill level 7 in Axes
  4408 | D:5      | Found a burning altar of Makhleb.
  4981 | D:6      | Reached skill level 8 in Axes
  5041 | D:6      | Found Wirucy's Distillery.
  5052 | D:6      | Bought a potion of degeneration for 15 gold pieces
  5177 | D:6      | Got Doleteu's Almanac of the Frosty Comitatus
  5179 | D:6      | Found a shadowy altar of Dithmenos.
  5215 | D:6      | Reached XP level 8. HP: 31/71 MP: 8/8
  5219 | D:6      | Reached skill level 9 in Axes
  5426 | D:6      | Identified the amulet "Guhok" {Acrobat Dex+5 Slay+2}
  5440 | D:6      | Reached ** piety under Beogh
  5457 | D:6      | Found a runed translucent gate.
  5458 | D:6      | Found a runed translucent gate.
  5458 | D:6      | Found a runed translucent gate.
  5599 | D:6      | Noticed drewk1942's ghost (novice MiFi)
  6243 | D:7      | Reached skill level 10 in Axes
  6304 | D:7      | Found a glowing golden altar of the Shining One.
  6540 | D:7      | Reached XP level 9. HP: 61/79 MP: 9/9
  6829 | D:7      | Found a hide-covered altar of Uskayaw.
  7033 | D:7      | Reached skill level 11 in Axes
  7141 | D:7      | Found a basalt altar of Yredelemnul.
  7191 | D:8      | Found a white marble altar of Elyvilon.
  7397 | D:8      | Noticed an ice devil
  7397 | D:8      | Noticed an ice devil
  7397 | D:8      | Noticed an ice devil
  7397 | D:8      | Noticed an ice devil
  7545 | D:8      | Noticed an ice devil
  7571 | D:8      | Noticed an ice devil
  7581 | D:8      | Noticed an ice statue
  8366 | D:9      | Reached skill level 12 in Axes
  8470 | D:9      | Noticed a two-headed ogre
  8493 | D:9      | Killed a two-headed ogre
  8494 | D:9      | Reached skill level 13 in Axes
  8494 | D:9      | Reached XP level 10. HP: 26/91 MP: 10/10
  8995 | D:9      | Reached *** piety under Beogh
  9106 | D:9      | Identified the +7 lajatang of Imaor {venom, Will+ Dex+3}
  9168 | D:9      | Found a glowing silver altar of Zin.
  9169 | D:9      | Found Zin's Purification Station.
  9176 | D:9      | Bought a potion of curing for 90 gold pieces
  9245 | D:9      | Reached skill level 1 in Invocations
  9539 | D:10     | Entered Level 10 of the Dungeon
  9689 | D:10     | Found an ornate altar of the Wu Jian Council.
  9736 | D:10     | Found a bloodstained altar of Trog.
  9932 | D:10     | Killed an unseen horror
 10146 | D:10     | Found a transporter.
 10213 | D:10     | Reached skill level 14 in Axes
 10436 | D:10     | Noticed a deep elf pyromancer
 10436 | D:10     | Noticed a kobold demonologist
 10706 | D:11     | Noticed an eight-headed hydra
 10713 | D:11     | Killed an eight-headed hydra
 10714 | D:11     | Reached skill level 10 in Fighting
 10728 | D:10     | Found a transporter.
 10826 | D:10     | Noticed a smoke demon
 10826 | D:10     | Killed a kobold demonologist
 10854 | D:10     | Reached skill level 5 in Armour
 10870 | D:10     | Reached XP level 11. HP: 100/100 MP: 14/14
 10892 | D:10     | Found a hazy altar of Hepliaklqana.
 10902 | D:10     | Identified the +10 flail of Judgement {drain, rF+}
 10939 | D:10     | Reached skill level 1 in Maces & Flails
 10944 | D:10     | Reached skill level 5 in Invocations
 11158 | D:10     | Killed a deep elf pyromancer
 11214 | D:10     | Noticed a two-headed ogre
 11218 | D:10     | Killed a two-headed ogre
 11518 | D:11     | Noticed a death yak
 11518 | D:11     | Noticed a death yak
 11522 | D:11     | Noticed a death yak
 11531 | D:11     | Killed a death yak
 11531 | D:11     | Gained Argrim as an ally
 11534 | D:11     | Killed a death yak
 11536 | D:11     | Killed a death yak
 11537 | D:11     | Found a staircase to the Lair.
 11548 | D:11     | Your ally Argrim died
 11550 | D:11     | Noticed a cyclops
 11565 | D:11     | Killed a cyclops
 11566 | D:11     | Reached skill level 5 in Maces & Flails
 12035 | D:11     | Found Poashafo's Jewellery Emporium.
 12072 | D:11     | Noticed a cyclops
 12080 | D:11     | Killed a cyclops
 12513 | D:12     | Reached **** piety under Beogh
 12646 | D:12     | Noticed a deep elf pyromancer
 12652 | D:12     | Killed a deep elf pyromancer
 12676 | D:12     | Noticed a two-headed ogre
 12682 | D:12     | Killed a two-headed ogre
 12683 | D:12     | Reached XP level 12. HP: 84/110 MP: 17/17
 13463 | D:12     | Noticed a six-headed hydra
 13471 | D:12     | Killed a six-headed hydra
 13659 | D:12     | Noticed a centaur warrior
 13680 | D:12     | Killed a centaur warrior
 13753 | D:12     | Found a staircase to the Orcish Mines.
 14749 | D:13     | Noticed Kirke
 14762 | D:13     | Reached ***** piety under Beogh
 14762 | D:13     | Killed Kirke
 14813 | D:13     | Found Socor's Armour Shop.
 15024 | D:13     | Noticed a centaur warrior
 15034 | D:13     | Killed a centaur warrior
 15045 | D:13     | Noticed an eight-headed hydra
 15049 | D:13     | Killed an eight-headed hydra
 15146 | D:13     | Reached XP level 13. HP: 74/119 MP: 20/20
 15543 | D:6      | Bought a potion of ambrosia for 120 gold pieces
 15543 | D:6      | Bought 2 potions of attraction for 90 gold pieces
 15543 | D:6      | Bought a potion of haste for 150 gold pieces
 15543 | D:6      | Bought a potion of lignification for 45 gold pieces
 15611 | D:6      | Killed drewk1942's ghost
 15995 | Lair:1   | Entered Level 1 of the Lair of Beasts
 16034 | Lair:1   | Reached skill level 10 in Maces & Flails
 16161 | Lair:1   | Found a frozen archway.
 16195 | IceCv    | Entered an ice cave
 16208 | IceCv    | Gained Gorg as an ally
 16208 | IceCv    | Your ally Gorg died
 16925 | IceCv    | Reached skill level 10 in Invocations
 17102 | IceCv    | HP: 7/183 [ice devil (4)]
 17103 | IceCv    | HP: 1/183 [ice devil (7)]
 17103 | IceCv    | Slain by an ice devil

Illustrated notes

Levels and vault maps discovered:
D:1:      minmay_arrival_five_plusses, layout_rooms, minmay_lizard_pond
D:2:      layout_basic, dilly_ecumenical_altar_fadedgnrine, uniq_natasha
D:3:      layout_basic, nicolae_gozag_cash_rules_everything_around_me,
          kennysheep_boxes
D:4:      layout_cave_pods, temple_hall
D:5:      layout_basic, mainiacjoe_overflow_chevrons, serial_rivers,
          chequers_serial_rivers_large_a, chequers_serial_rivers_large_b,
          chequers_serial_rivers_micro_c, chequers_serial_rivers_marsh
D:6:      layout_cave_pools, kennysheep_mini, gammafunk_ghost_icy, serial_shops,
          shop, serial_bayou, serial_bayou_shore_a, serial_bayou_pond_d,
          serial_bayou_pond_c, serial_bayou_ford_a, st_stairs_8
D:7:      layout_loops_corners, minitemple, mainiacjoe_overflow_small_starburst
D:8:      cheibrodos_frozen_isle, layout_basic, elyvilon_altar_4,
          kennysheep_path_1
D:9:      nicolae_cairo_tiling_large, layout_stronghold, zin_purify
D:10:     cheibrodos_barr_body, layout_loops_ring, mainiacjoe_overflow_alcove_1,
          nicolae_overflow_hidden_temple, nzn_wu_jian_contemplation,
          nicolae_diode_stairs
D:11:     layout_long_grid, dpeg_lair_monsters, serial_shops,
          nicolae_diamond_shop
D:12:     dreamdust_cave_troll, layout_basic, david_orc_4, lemuel_freeze_loot_1
D:13:     layout_basic, serial_curves, eino_curves_02, eino_curves_02,
          nicolae_stop_n_shop_2, minmay_joined_circles, uniq_kirke
Temple:   nicolae_temple_bog_church
Lair:1:   layout_gridlike, portal_ice_cave_entry_imps
IceCv:    ice_cave_small_necro

Skill      XL: |  1  2  3  4  5  6  7  8  9 10 11 12 13 |
---------------+----------------------------------------+-----
Axes           | 3 4 5 6 8 10 13 14 | 14.7
Fighting       | 4 5 6 7 9 10 11 12 13 | 13.0
Shields        | 4 5 6 8 |  8.5
Invocations    | 4 7 9 10 | 10.3
Armour         | 5 7 8 9 |  9.4
Maces & Flails | 6 9 10 | 10.8

Action                   |  1- 3 |  4- 6 |  7- 9 | 10-12 | 13-15 || total
-------------------------+-------+-------+-------+-------+-------++-------
Melee: War axe           |    59 |   178 |   297 |    96 |       ||   630
       Flail             |       |       |       |   205 |   118 ||   323
Throw: Stone             |     3 |     6 |     4 |       |       ||    13
       Dart              |       |     2 |     3 |     2 |       ||     7
       Javelin           |       |       |       |     6 |       ||     6
Invok: Convert to Beogh  |       |     1 |       |       |       ||     1
       Smiting           |       |       |       |     4 |     4 ||     8
       Recall Orcish Fol |       |       |       |     1 |     2 ||     3
       Stop Recall       |       |       |       |     1 |     2 ||     3
Evoke: Wand              |       |       |       |     4 |     1 ||     5
  Use: Potion            |       |       |     4 |       |     3 ||     7
       Scroll            |       |       |     3 |    11 |     5 ||    19
 Stab: Distracted        |       |       |       |     1 |     2 ||     3
       Paralysed         |       |       |       |     1 |       ||     1
Armor: Scale mail        |    24 |    16 |       |       |       ||    40
       Chain mail        |       |    51 |   134 |     9 |       ||   194
       Plate armour      |       |       |       |   171 |    79 ||   250
       Skin              |       |       |       |       |     9 ||     9
Dodge: Dodged            |    29 |    85 |   116 |   119 |    43 ||   392
Block: Buckler           |    19 |    29 |    70 |    90 |     5 ||   213
       Kite shield       |       |       |       |       |    52 ||    52
